 Dungeon Crawl Stone Soup version 0.23-a0-619-g281719c (console) character file.

286 Duffy the Chopper (level 6, 0/56 HPs)
             Began as a Naga Fighter on Dec 22, 2018.
             Slain by an orc wizard
             ... wielding a +0 dagger
              (3 damage)
             ... on level 5 of the Dungeon.
             The game lasted 00:02:14 (1854 turns).

Duffy the Chopper (Naga Fighter)                    Turns: 1854, Time: 00:02:15

Health: 0/56       AC:  5    Str: 19    XL:     6   Next: 30%
Magic:  6/6        EV:  5    Int: 10    God:
Gold:   85         SH:  9    Dex: 10    Spells: 5/5 levels left

rFire    . . .     SeeInvis +   a - +0 war axe
rCold    . . .     Gourm    .   c - +0 shield
rNeg     . . .     Faith    .   b - +0 scale mail
rPois    +         Spirit   .   (no helmet)
rElec    .         Reflect  .   (no cloak)
rCorr    .         Harm     .   (no gloves)
MR       .....                  (no barding)
Stlth    ..........             (no amulet)
HPRegen  0.18/turn              (no ring)
MPRegen  0.10/turn              (no ring)

@: very slow
A: large, see invisible, deformed body, poison resistance, slowness 2, slow
metabolism 1, spit poison 1, AC +2
a: Spit Poison


You were on level 5 of the Dungeon.
You were very hungry.

You visited 1 branch of the dungeon, and saw 6 of its levels.

You collected 85 gold pieces.

Inventory:

Hand Weapons
 a - a +0 war axe (weapon)
Armour
 b - a +0 scale mail (worn)
 c - a +0 shield (worn)
Scrolls
 e - a scroll of immolation {unknown}
 i - 2 scrolls of teleportation {unknown}
 k - a scroll of enchant weapon {unknown}
 n - 5 scrolls of identify {unknown}
 o - 2 scrolls of enchant armour {unknown}
Potions
 d - a potion of might
 h - a potion of agility {unknown}
 j - a potion of flight {unknown}
 l - a potion of degeneration {unknown}
 m - 5 potions of curing {unknown}
Comestibles
 f - 4 rations


   Skills:
 - Level 3.0 Fighting
 + Level 4.7 Axes
 - Level 2.4 Armour
 + Level 4.3 Shields


You had 5 spell levels left.
You didn't know any spells.
Your spell library was empty.

Dungeon Overview and Level Annotations

Branches:
Dungeon (6/15)
 Temple: D:4-7

Altars:
Ashenzari
Okawaru


Innate Abilities, Weirdness & Mutations

You cannot wear boots.
Your serpentine skin is tough. (AC +2)
You have supernaturally acute eyesight. (SInv)
Armour fits poorly on your strangely shaped body.
Your system is resistant to poisons. (rPois)
You cover ground very slowly.
You have a slow metabolism.
You can spit poison.


Message History

You hit the orc wizard but do no damage.
The orc priest hits you with a +0 short sword.
The orc wizard hits you but does no damage.
The orc priest mumbles some strange prayers to Beogh against you.
Beogh smites you! You block the orc wizard's attack.
You completely miss the orc priest.
The orc priest is moderately wounded.
You closely miss the orc wizard.
The orc priest hits you with a +0 short sword.
You block the orc wizard's attack.
You hit the orc priest.
The orc priest is heavily wounded.
You hit the orc wizard. You block the orc priest's attack.
You block the orc wizard's attack.
You hit the orc priest.
The orc priest is almost dead.
You closely miss the orc wizard.
The orc priest hits you with a +0 short sword.
The orc wizard hits you with a +0 dagger.
You die...

...# .... .### ##.. #### ###
..####...###..# #.####
....##.#..#.#.###.#..##
...###.##...#..#......###
........#..##..#.(##.##.#
.#.....##..........####.##
.##..............o(##....#
##.....>...##....@.(.....#
........#...#.....o......#
....#..###...............###
....#.[.##.................#
......>....................#
...#.#................=....#
...#####...................#
...#######........##.....###
......##.................#


You could see an orc priest and an orc wizard.

Vanquished Creatures
  A centaur (D:5)
  A bullfrog (D:5)
  A jelly (D:5)
  Jessica (D:3)
  A worker ant (D:5)
  2 worms
  A dart slug (D:1)
  2 leopard geckos
  10 orcs
  7 goblins
  A hobgoblin (D:2)
  3 jackals (D:3)
  2 quokkas
  4 bats
  3 frilled lizards
  2 kobolds
  A rat (D:1)
43 creatures vanquished.

Notes
Turn   | Place    | Note
-------+----------+-------------------------------------------
     0 | D:1      | Duffy the Naga Fighter began the quest for the Orb.
     0 | D:1      | Reached XP level 1. HP: 21/21 MP: 1/1
   167 | D:1      | Reached XP level 2. HP: 28/28 MP: 2/2
   343 | D:2      | Found a shattered altar of Ashenzari.
   528 | D:3      | Reached XP level 3. HP: 34/34 MP: 3/3
   781 | D:3      | Found an iron altar of Okawaru.
   784 | D:3      | Noticed Jessica
   789 | D:3      | Killed Jessica
   789 | D:3      | Reached XP level 4. HP: 35/42 MP: 4/4
  1056 | D:5      | Entered Level 5 of the Dungeon
  1056 | D:5      | Noticed a bullfrog
  1068 | D:5      | Killed a bullfrog
  1068 | D:5      | Reached XP level 5. HP: 10/49 MP: 5/5
  1335 | D:6      | Noticed an ice beast
  1371 | D:5      | Noticed a centaur
  1388 | D:5      | Killed a centaur
  1388 | D:5      | Reached XP level 6. HP: 5/56 MP: 6/6
  1828 | D:6      | Noticed an ice beast
  1854 | D:5      | Slain by an orc wizard

Vault maps used:
D:1:      psy_arrival_statuary
D:2:      old_standard_altar, grunt_temple_overflow_open, first_ration
D:3:      okawaru_gym_becter, minmay_misc_feat_secret_circle, uniq_sigmund,
          uniq_grinder, uniq_jessica
D:6:      minmay_temple_entry_mini_moons

Skill      XL: |  1  2  3  4  5 |
---------------+----------------+-----
Shields        | 3 4 |  4.3
Axes           | 3 4 |  4.7
Fighting       | |  3.0
Armour         | |  2.4

Action                   |  1- 3 |  4- 6 || total
-------------------------+-------+-------++-------
Melee: War axe           |    93 |    59 ||   152
 Abil: Spit Poison       |     1 |     7 ||     8
  Eat: Chunk             |       |     1 ||     1
Armor: Scale mail        |    38 |    22 ||    60
Dodge: Dodged            |    19 |    14 ||    33
Block: Shield            |    48 |    47 ||    95

Table legend:
 A = Non-vault XP
 B = Vault XP
 C = Vault XP percentage of total XP
 D = Non-vault monster count
 E = Vault monster count
 F = Vault count percentage of total count
                 A         B        C        D         E       F
            +---------+---------+-------+---------+---------+-------
      Total |     372 |      37 |   9.0 |      42 |       1 |   2.3
            +---------+---------+-------+---------+---------+-------
        D:1 |      11 |       0 |   0.0 |       6 |       0 |   0.0
        D:2 |      12 |       0 |   0.0 |       5 |       0 |   0.0
        D:3 |      49 |      37 |  43.0 |      22 |       1 |   4.3
        D:4 |       3 |       0 |   0.0 |       1 |       0 |   0.0
        D:5 |     297 |       0 |   0.0 |       8 |       0 |   0.0
            +---------+---------+-------+---------+---------+-------
